Cogmind - Beta 17 @@@ ROGUE MODE // 2026.08.16 @ 19:54:41 Player: Marc Result: Self-destructed Performance ------------- Evolutions (1) 500 Regions Visited (2) 400 Robots Destroyed (11) 55 Value Destroyed (256) 256 Prototype IDs (0) 0 Alien Tech Used (0) 0 Bonus (0) 0 TOTAL SCORE: 1211 Bonus ------- None Cogmind --------- Core Integrity 400/400 Matter 260/300 Energy 125/125 System Corruption 0% Temperature Cool (0) Movement Rolling (115) Ox1 Location -9/Materials Parts ------- > --- POWER (1) -------- Light Ion Engine > --- PROPULSION (3) --- Compact Wheel Compact Wheel > --- UTILITY (3) ------ High-capacity Storage Unit Sensor Array > --- WEAPON (2) ------- Assault Rifle Light Assault Rifle > --- INVENTORY (20) --- Light Nuclear Core Small Storage Unit Medium Matter Pod (12) Light Assault Rifle Grenade Launcher Peak State ------------ > --- POWER ------------ Light Nuclear Core > --- PROPULSION ------- Aluminum Leg Aluminum Leg > --- UTILITY ---------- Small Storage Unit Sensor Array > --- WEAPON ----------- Medium Laser Light Assault Rifle > --- INVENTORY -------- Light Ion Engine Aluminum Leg Aluminum Leg Compact Wheel Compact Wheel Light Assault Rifle Grenade Launcher [Rating: 9] Favorites ----------- Power Light Ion Engine Engine Light Ion Engine Power Core Light Nuclear Core Propulsion Aluminum Leg Leg Aluminum Leg Wheel Compact Wheel Utility High-capacity Storage Unit Device Sensor Array Storage High-capacity Storage Unit Weapon Light Assault Rifle Energy Gun Medium Laser Ballistic Gun Light Assault Rifle Launcher Grenade Launcher Build | -11 -10 -9 ------- Run | Yrd Mat Mat Slots Evolved 2 | . . 2 Power . | . . . Propulsion 1 | . . 1 Utility 1 | . . 1 Weapon . | . . . Parts Attached 11 | . 10 1 Power 2 | . 2 . Engine 1 | . 1 . Core 1 | . 1 . Reactor . | . . . Propulsion 3 | . 3 . Treads . | . . . Leg 1 | . 1 . Wheel 2 | . 2 . Hover . | . . . Flight . | . . . Utility 2 | . 2 . Device 1 | . 1 . Storage 1 | . 1 . Processor . | . . . Hackware . | . . . Protection . | . . . Artifact . | . . . Weapon 4 | . 3 1 Energy Gun . | . . . Energy Cannon . | . . . Ballistic Gun 3 | . 2 1 Ballistic Cannon . | . . . Launcher 1 | . 1 . Special Weapon . | . . . Impact Weapon . | . . . Slashing Weapon . | . . . Piercing Weapon . | . . . Special Melee Weapon . | . . . Unidentified Prototypes . | . . . Parts Lost 2 | . 2 . Power 1 | . 1 . Propulsion . | . . . Utility . | . . . Weapon 1 | . 1 . Highest Loss Streak 2 | . 2 . To Critical Strikes . | . . . Average Backups 7 | . 7 5 Power . | . . 1 Propulsion 3 | . 4 . Utility 1 | . 1 2 Weapon 1 | . 1 2 Tool/Special . | . . . Unused Backups 12 | . 9 3 Power 2 | . 1 1 Propulsion 7 | . 7 . Utility 2 | . . 2 Weapon 1 | . 1 . Tool/Special . | . . . Average Slot Usage (%) 88 | . 90 74 Engine 6 | . 5 11 Core 2 | . 3 . Leg 17 | . 18 . Wheel 9 | . 8 22 Device 12 | . 12 11 Storage 13 | . 14 11 Energy Gun 3 | . 4 . Ballistic Gun 21 | . 21 19 Peak Build Rating 9 | . 9 7 Average Rating 6 | . 6 6 On Entrance 6 | 6 6 6 Avg Prop Armor Cover (%) . | . . . Naked Turns . | . . . Heaviest Build 49 | 11 49 47 Greatest Support 32 | 20 32 32 Greatest Overweight (x) 2 | . 2 1 Average Overweight (x) 1 | . 1 1 Largest Inventory Capacity 20 | . 20 20 Average Capacity 19 | . 18 20 Most Carried 11 | . 11 6 Average Carried 7 | . 7 5 Final Capacity 20 | 8 20 20 Final Carried 6 | 6 5 5 Class Distribution -------------------- 100% | Mutant Dominant Class ---------------- Mutant | -10/Materials Mutant | -9/Materials Resources | -11 -10 -9 ----------- Run | Yrd Mat Mat Matter Collected 381 | 197 184 . Remotely . | . . . Salvage Created 284 | . 284 . Parts 16 | . 16 . Haulers Intercepted 1 | . 1 . Recyclers Shooed . | . . . Parts Field Recycled . | . . . Retrieved Matter . | . . . Parts Self-Destructed . | . . . Prevented . | . . . Parts Restored . | . . . Kills | -11 -10 -9 ------- Run | Yrd Mat Mat Combat Hostiles Destroyed 8 | . 8 . Guns 5 | . 5 . AOE 3 | . 3 . Classes Destroyed 5 | . 5 . Worker 1 | . 1 . Tunneler 1 | . 1 . Hauler 1 | . 1 . Swarmer 3 | . 3 . Grunt 5 | . 5 . Best Kill Streak 4 | . 4 . Combat Bots Only 3 | . 3 . Max Kills in Single Turn 3 | . 3 . Gunslinging . | . . . Exploded 2 | . 2 . Melee . | . . . Uniques/NPCs Destroyed . | . . . Combat | -11 -10 -9 -------- Run | Yrd Mat Mat Hostile Shots Fired 50 | . 47 3 Missed 16 | . 15 1 Hits 34 | . 32 2 Projectile 34 | . 32 2 Damage Taken 459 | . 438 21 Core 93 | . 93 . Absorbed by Shields . | . . . Core Remaining (%) 81 | 100 62 . Volleys Fired 31 | . 31 . Largest 2 | . 2 . Hottest 80 | . 80 . Shots Fired 62 | . 62 . Gun 61 | . 61 . Cannon . | . . . Launcher 1 | . 1 . Special . | . . . Kinetic 49 | . 49 . Thermal 12 | . 12 . Explosive 1 | . 1 . Electromagnetic . | . . . Robot Hit Streak 9 | . 9 . Robot Miss Streak 2 | . 2 . Penetration Max . | . . . Secondary Targets 1 | . 1 . Max Gunslinging Chain 1 | . 1 . Shots Hit Robots 42 | . 42 . Core Hits 19 | . 19 . Critical Kills . | . . . Critical Parts Destroyed . | . . . Critical Strikes . | . . . Melee Attacks . | . . . Impact . | . . . Slashing . | . . . Piercing . | . . . Sneak Attacks . | . . . Combat Hostiles . | . . . Follow-up Attacks . | . . . Damage Inflicted 655 | . 655 . Guns 407 | . 407 . Cannons . | . . . Explosions 248 | . 248 . Melee . | . . . Ramming . | . . . Kinetic 304 | . 304 . Thermal 103 | . 103 . Explosive 248 | . 248 . Electromagnetic . | . . . Impact . | . . . Slashing . | . . . Piercing . | . . . Highest Corruption . | . . . Average Corruption . | . . . Corruption Purged . | . . . Corruption Blocked . | . . . Overload Shots . | . . . Overflow Damage 49 | . 49 . Projectiles . | . . . Explosions 49 | . 49 . Melee . | . . . Knockbacks . | . . . Impact . | . . . Kinetic . | . . . Secondary . | . . . Self-Inflicted Damage 68 | . 68 . Shots 2 | . 2 . Rammed . | . . . Targets Rammed . | . . . Kicked . | . . . Crushed . | . . . Highest Temperature 238 | . 238 . Average Temperature 78 | . 78 . Received Heat Transfer 192 | . 180 12 Siege Activations . | . . . Martial Activations . | . . . Shielding Activations . | . . . Robots Disrupted . | . . . Combat Hostiles . | . . . Robots Corrupted . | . . . Combat Hostiles . | . . . Parts Fried . | . . . Impact Corruptions . | . . . Robots Melted . | . . . Combat Hostiles . | . . . Parts Melted 1 | . 1 . Heat Transferred 296 | . 296 . Parts Sabotaged . | . . . Parts Stolen . | . . . Parts Stripped . | . . . Power Chain Reactions . | . . . Alert | -11 -10 -9 ------- Run | Yrd Mat Mat Maximum Alert Level . | . . . Low Security (%) 100 | . 100 100 Level 1 . | . . . Level 2 . | . . . Level 3 . | . . . Level 4 . | . . . Level 5 . | . . . High Security . | . . . Max Security . | . . . Peak Influence 109 | . 109 14 Initial 14 | . . 14 Average 17 | . 18 3 Influence Increases 261 | . 261 . Destroy 0b10 Robot/C 160 | . 160 . Destroy 0b10 Robot/NC 15 | . 15 . Destroy Leader 32 | . 32 . Disable Machine 30 | . 30 . Destroy Structure 24 | . 24 . Influence Decreases 261 | . 227 34 Entered New Map 20 | . . 20 Time Decay 221 | . 207 14 Lost Part 20 | . 20 . Squads Dispatched 1 | . . 1 Investigation . | . . . Extermination . | . . . Reinforcement 1 | . . 1 Assault . | . . . Garrison . | . . . Intercept . | . . . Searches Triggered . | . . . Construction Impeded . | . . . Haulers Reinforced . | . . . Active Scanning Responses . | . . . Cargo Convoy Interrupts . | . . . Stealth | -11 -10 -9 --------- Run | Yrd Mat Mat Distress Signals 2 | . 1 1 Communications Jammed . | . . . Distress Signals . | . . . Times Spotted 17 | . 14 3 Peak Tracking Total 4 | . 4 2 Tactical Retreats . | . . . Traps | -11 -10 -9 ------- Run | Yrd Mat Mat Traps Triggered 2 | . 2 . Indirectly . | . . . Trap Hack Attempts . | . . . Triggered . | . . . Disarmed . | . . . Reprogrammed . | . . . Reused . | . . . Traps Extracted . | . . . Installed . | . . . Triggered . | . . . Machines | -11 -10 -9 ---------- Run | Yrd Mat Mat Machines Disabled 2 | . 2 . Max in Single Turn 2 | . 2 . Machines Repaired . | . . . Machines Dismantled . | . . . Machines Sabotaged . | . . . Overloaded Fab Kills . | . . . Hacking | -11 -10 -9 --------- Run | Yrd Mat Mat Machines Accessed 1 | . 1 . Terminals 1 | . 1 . Fabricators . | . . . Repair Stations . | . . . Recycling Units . | . . . Scanalyzers . | . . . Garrison Access . | . . . Total Hacks 2 | . 2 . Successful 1 | . 1 . Failed 1 | . 1 . Catastrophic . | . . . Database Lockouts . | . . . Manual . | . . . Terminals 2 | . 2 . Fabricators . | . . . Repair Stations . | . . . Recycling Units . | . . . Scanalyzers . | . . . Garrison Access . | . . . Terminal Hacks 1 | . 1 . Registered Components 1 | . 1 . Fabricator Hacks . | . . . Repair Station Hacks . | . . . Recycling Unit Hacks . | . . . Scanalyzer . | . . . Garrison Access Hacks . | . . . Unauthorized Hacks . | . . . Terminals . | . . . Fabricators . | . . . Repair Stations . | . . . Recycling Units . | . . . Scanalyzers . | . . . Garrison Access . | . . . Data Cores Recovered . | . . . Used . | . . . Hacking Detections 1 | . 1 . Full Trace Events . | . . . Feedback Events . | . . . Feedback Blocked . | . . . Robot Schematics Acquired . | . . . Robots Built . | . . . Authchips . | . . . Time . | . . . Total Robot Build Rating . | . . . Part Schematics Acquired . | . . . Parts Built . | . . . Authchips . | . . . Time . | . . . Total Part Build Rating . | . . . Part Studies Acquired . | . . . Parts Repaired . | . . . Time . | . . . Parts Recycled . | . . . Recycled Matter . | . . . Retrieved Matter . | . . . Retrieved Components . | . . . Parts Scanalyzed . | . . . Part Schematics Acquired . | . . . Parts Damaged . | . . . Bothacking | -11 -10 -9 ------------ Run | Yrd Mat Mat Used RIF Installer . | . . . Robots Hacked . | . . . Non-combat . | . . . Combat . | . . . Robot Hacks Applied . | . . . Relay Couplers Released . | . . . Fabnet Peak Effective % . | . . . Robots Rewired . | . . . Allies Hacked . | . . . Hacks Repelled . | . . . Allies | -11 -10 -9 -------- Run | Yrd Mat Mat Total Allies . | . . . Largest Group . | . . . Highest-Rated Group . | . . . Highest-Rated Ally . | . . . Total Orders . | . . . Ally Attacks . | . . . Total Damage . | . . . Kills . | . . . Allies Corrupted . | . . . Allies Melted . | . . . Intel | -11 -10 -9 ------- Run | Yrd Mat Mat Active Infowar (turns) 1510 | . 1396 114 Sensors 1510 | . 1396 114 Robot Analysis Total . | . . . Derelict Logs Recovered . | . . . Drone Launches . | . . . Drone Recoveries . | . . . Exploration | -11 -10 -9 ------------- Run | Yrd Mat Mat Turns Passed 1650 | . 1536 114 Spaces Moved 450 | 1 352 97 Core . | . . . Treads . | . . . Legs 153 | 1 152 . Wheels 297 | . 200 97 Hover . | . . . Flight . | . . . Fastest Speed 115 | 120 115 115 Average Speed 139 | 120 146 115 Slowest Speed 260 | 120 260 115 Overloaded Moves . | . . . Propulsion Burnouts . | . . . Robots Hopped . | . . . Potential Cave-ins . | . . . Cave-ins Triggered . | . . . Exploration Rate (%) 19 | 2 41 16 Regions Visited 2 Branch Regions . Pre-discovered Areas . | . . . Known Exits Taken . | . . . Unknown Exits Taken 2 | 1 1 . Scrap Searched . | . . . Spaces Dug . | . . . Terrain Destroyed 23 | . 23 . Melee . | . . . Projectile . | . . . AOE 23 | . 23 . Terrain Rammed . | . . . Walls Destroyed . | . . . Machines Disabled . | . . . Actions | -11 -10 -9 --------- Run | Yrd Mat Mat Total 1420 | . 1321 99 Wait 902 | . 902 . Move 448 | . 351 97 Hop . | . . . Pick Up 14 | . 13 1 Fast Attach . | . . . Attach 10 | . 9 1 Detach 1 | . 1 . Swap 6 | . 6 . Drop 8 | . 8 . Fire 31 | . 31 . Melee . | . . . Ram . | . . . Kick . | . . . Crush . | . . . Escape Stasis . | . . . Rewire . | . . . Trap . | . . . Miscellaneous . | . . . Route ------- -11/Scrapyard -10/Materials -9/Materials (discovered 1 exit: [*Min]) History --------- Turn | Location | Event 1 | -11/Scrapyard | Discovered new exit (range 0) 1 | -11/Scrapyard | Entered Materials 307 | -10/Materials | Build established: Mutant 1522 | -10/Materials | Discovered new exit (range 4) 1537 | -10/Materials | Entered another Materials area 1537 | -9/Materials | Evolved 2 slots: Propulsion x1, Utility x1 1537 | -9/Materials | Discovered new exit (range 7) 1651 | -9/Materials | Self-destructed Last Messages --------------- 01496_ Triggered Blade Trap. 01496_ Massive razor-sharp blades shoot up from within the floor. 01496_ Com. Wheel severed. 01496_ Lgt. Assault Rifle severed. 01496_ Sensor Array severed. 01499_ Acquired Sensor Array. 01502_ Acquired Com. Wheel. 01504_ Acquired Lgt. Assault Rifle. 01506_ Dropped Aluminum Leg. 01514_ U-05 Engineer lays Concrete. 01522_ EXIT=FOUND PARAMETERS=PROPULSION+1,UTILITY+1 LOCATION=UNKNOWN GOAL=ESCAPE 01537_ EXIT=FOUND 01552_ Acquired Assault Rifle. 01640_ O-16 Technician: "IFF HANDSHAKE FAILED. SECURING TERMINAL." 01642_ O-16 Technician sends out distress signal. 01646_ ALERT: Hostiles spotted, dispatching reinforcements to Terminal M011. Map ----- +----------------------------------------------------+ | ????????????????????????????????????????????????? | | ????????????????????????????????????????????????? | | ????????????????????????????????????????????????? | | ????????????????????????????????????????????????? | | ????????????????????????????????????????????????? | | ????????????????????????????????????????????????? | | ????????????????????????????????????????????????? | | ????????????????????????????????????????????????? | | ???????????????????#####????????????????????????? | | ???????????????????# #????????????????????????? | | ???????????????????# #????????????????????????? | | ???????????????????# ! #????????????????????????? | | ???????????????????# #????????????????????????? | | ???????????????????# #???????? ??????????????? | | ???????????????????# #?????? ???????????????? | | ???????????????????# #???? ?????????????????? | | ?####################/#### """ ?????????????????? | | ?# + r + """ ?????????????????? | | ?# ########### # """ ?????????????????? | | ?# #?????????# #??????????????????????? | | ?# #?????????# t#??????????????????????? | | ?# #?????????# #??????????????????????? | | ?# #?????????# ###????????????????????? | | ?# #?????????# #????????????????????? | | ?# #?????????# t ###+##???????????????? | | ?#######+######??????+ @ t o b ????????? | | ??????# +??????# g #T###????????????? | | ??????# #####??????# % #????????????????? | | ??????# #??????????## #????????????????? | | ??????# #???????????# """" #????????????????? | | ??????# #???????????# """" #????????????????? | | ??????# #???????????# """" #????????????????? | | ??????# #???????????# #????????????????? | | #??#### #???????????# ?? #????????????????? | | # """ # #???????????# ?????????????????????? | | # "T" # ###########?# #?????????????????????? | | # # # #?# #?????????????????????? | | # # # """ [ #?# #?????????????????????? | | # # # """ #?? #?????????????????????? | | # # # """ #?? ??????????????????????? | | # """ # # #?? ??????????????????????? | | # """ # # !#???????????????????????????? | | # """ # # #???????????????????????????? | | # + + [ #???????????????????????????? | | # # ############??????????????????????????? | | #! # ## = +??????????????????????????? | | ####### ## ^ #??????????????????????????? | | ?????# # #??????????????????????????? | | ?????# # """"""" #??????????????????????????? | | ?????# < + """"""" #??????????????????????????? | +----------------------------------------------------+ Best States ------------- Heat Dissipation 28 Energy Generation 14 Energy Capacity 160 Matter Stores 300 Matter Capacity 300 Sight Range 16 Robot Scan Range 14 Terrain Scan Density 10 Evasion (%) 55 Item Schematics ----------------- None Robot Schematics ------------------ None Fabricated ------------ Nothing Repaired ---------- Nothing Studied --------- None Alien Tech Used ----------------- None Achievements -------------- None Challenges ------------ None Game ------ Seed BiomechanicalCloakingReactor Manual? 0 Play Time 00:06:24 Cumulative 26.2 hours Start 2026.08.16 @ 19:48:21 End 2026.08.16 @ 19:54:41 Sessions 1 Manual Loads 0 Difficulty Rogue Special Mode None Game No. 81 Rogue 74 Adventurer 7 Explorer 0 Win Type - Total 0 Types 0/0/0/0/0/0/0/0/0/0 Lore% 29 Gallery% 33 Achievement% 27 Wizard Run 0 Options --------- Layout 0 ASCII 0 Keyboard 0 Movement Mouse Keybinds 0 Fullscreen 1 Font 18/SmallcapsGlow Map View 38x25 Zoom Use 100% Tactical HUD 1 Map Filters NONE Filters NONE Steam 1 RUN: 45307d02-1c76-4154-b9ff-83162b117c70